 Dungeon Crawl Stone Soup version 0.30.0-5-g1a98f26d00 (webtiles) character file.

Game seed: 7847976354608093489

854 browni3141 the Trooper (level 8, -1/87 HPs)
             Began as an Ogre Delver on May 10, 2023.
             Slain by a hornet zombie (11 damage)
             ... on level 6 of the Dungeon.
             The game lasted 00:13:44 (6030 turns).

browni3141 the Trooper (Ogre Delver)                Turns: 6030, Time: 00:13:44

Health: -1/87      AC:  3    Str: 19    XL:     8   Next: 1%
Magic:  8/8        EV:  9    Int: 11    God:
Gold:   206        SH:  0    Dex: 10    Spells: 7/7 levels left

rFire   . . .        a - +0 mace
rCold   . . .        (no shield)
rNeg    . . .        b - +0 robe
rPois   .            (helmet restricted)
rElec   .            (no cloak)
rCorr   .            (gloves unavailable)
SInv    .            (boots unavailable)
Will    .....        (no amulet)
Stlth   ++           (no ring)
HPRegen 0.34/turn    (no ring)
MPRegen 0.11/turn

%: no passive effects
@: no status effects
A: large, unfitting armour, tough skin 1
a: no special abilities


You were on level 6 of the Dungeon.
You visited 1 branch of the dungeon, and saw 6 of its levels.
You also visited: Sewer.

You collected 206 gold pieces.

Inventory:

Hand Weapons
 a - a +0 mace (weapon)
Missiles
 J - 6 atropa-tipped darts
 Q - 7 poisoned darts (quivered)
 Z - a throwing net
Armour
 b - a +0 robe (worn)
Jewellery
 H - a +6 ring of intelligence
Wands
 g - a wand of digging (3)
 P - a wand of paralysis (8)
 V - a wand of flame (9)
Scrolls
 d - 2 scrolls of magic mapping
 F - a scroll of fog
 G - 2 scrolls of brand weapon {unknown}
 K - a scroll of immolation {unknown}
 L - a scroll of fear
 R - 5 scrolls of identify {unknown}
 T - 3 scrolls of noise {unknown}
 U - a scroll of teleportation {unknown}
 Y - a scroll of enchant weapon {unknown}
Potions
 h - 3 potions of haste
 D - 2 potions of lignification {unknown}
 E - a potion of flight {unknown}
 I - a potion of cancellation {unknown}
 M - a potion of degeneration {unknown}
 N - a potion of heal wounds {unknown}
 O - a potion of attraction {unknown}
 S - a potion of invisibility {unknown}
 W - 4 potions of curing {unknown}
 X - 2 potions of brilliance {unknown}


   Skills:
 + Level 7.3 Fighting
 * Level 6.6 Maces & Flails
 - Level 2.0 Throwing
 - Level 1.7 Dodging
 - Level 3.7 Stealth


You had 7 spell levels left.
You didn't know any spells.
Your spell library contained the following spells:

 Spells                   Type           Power      Damage    Failure   Level
 Beastly Appendage        Tmut           0%         N/A       34%         1
 Freeze                   Ice            0%         1d3       34%         1
 Lesser Beckoning         Tloc           0%         N/A       47%         2
 Wereblood                Tmut           0%         N/A       47%         2
 Frozen Ramparts          Ice            0%         1d1       71%         3
 Gell's Gravitas          Tloc           0%         N/A       71%         3
 Hailstorm                Conj/Ice       0%         3d3       71%         3
 Inner Flame              Hex/Fire       0%         N/A       71%         3
 Spider Form              Tmut/Pois      0%         N/A       71%         3
 Teleport Other           Tloc           0%         N/A       71%         3
 Tukima's Dance           Hex            0%         N/A       71%         3
 Flame Wave               Conj/Fire      0%         2d4       98%         4
 Passage of Golubria      Tloc           0%         N/A       98%         4
 Sticky Flame             Conj/Fire      0%         2d3       98%         4
 Yara's Violent Unravell  Hex/Tmut       0%         3d3       100%        5


Dungeon Overview and Level Annotations

Branches:
Dungeon (6/15)              Sewer (visited)
 Temple: D:4-7

Altars:
Cheibriados
Okawaru
Trog
Wu Jian
Xom
Yredelemnul

Annotations:
D:6 exclusions: deep elf pyromancer and wyvern


Innate Abilities, Weirdness & Mutations

You are too large for most types of armour.
You have tough skin. (AC +1)


Message History

The sleepcap is severely damaged.
The sleepcap releases spores at you.
You hit the sleepcap.
The sleepcap is almost destroyed.
The sleepcap releases spores at you.
You hit the sleepcap but do no damage.
The sleepcap is almost destroyed.
The sleepcap releases spores at you!
You are engulfed in a cloud of soporific spores!
You fall asleep.
You wake up.
You hit the sleepcap.
You destroy the sleepcap!
You have reached level 8!
You open the door.
Found a snail-covered altar of Cheibriados.
There is an open door here.
There is a snail-covered altar of Cheibriados here.
You open the door.
There is an open door here.
Found an escape hatch in the ceiling.
You open the gate.
A deep elf pyromancer comes into view. It is wielding a +0 long sword.
Unknown command.
Press: ? - help, v - describe, . - travel
Here: a deep elf pyromancer, wielding a +0 long sword (asleep)
The floor.
Placed new exclusion.
The deep elf pyromancer shouts!
The deep elf pyromancer casts a spell at you.
The bolt of fire hits you!!
The deep elf pyromancer gestures at you while chanting.
The bolt of fire hits you!!
The deep elf pyromancer gestures wildly while chanting.
There is an escape hatch in the ceiling here.
A mysterious force pulls you upwards. The hatch slams shut behind you.
You start resting.
HP restored.
There is a stone staircase leading down here.
You climb downwards.
Level annotation: exclusions: deep elf pyromancer and wyvern
There is a stone staircase leading up here.
A hornet zombie comes into view.
Found a basalt altar of Yredelemnul.
The hornet zombie attacks as you move away!
The hornet zombie hits you.
You hit the hornet zombie.
The hornet zombie is lightly damaged.
The hornet zombie hits you.
You sock the hornet zombie!
The hornet zombie is moderately damaged.
The hornet zombie barely misses you. The hornet zombie hits you.
You barely miss the hornet zombie.
The hornet zombie is moderately damaged.
The hornet zombie hits you but does no damage.
You closely miss the hornet zombie.
The hornet zombie is moderately damaged.
The hornet zombie barely misses you. The hornet zombie closely misses you.
You barely miss the hornet zombie.
The hornet zombie is moderately damaged.
The hornet zombie closely misses you.
You barely miss the hornet zombie.
The hornet zombie is moderately damaged.
The hornet zombie hits you!
You thump the hornet zombie!
The hornet zombie is heavily damaged.
The hornet zombie hits you! The hornet zombie hits you.
You barely miss the hornet zombie.
The hornet zombie is heavily damaged.
The hornet zombie hits you.
You hit the hornet zombie.
The hornet zombie is heavily damaged.
The hornet zombie barely misses you. The hornet zombie hits you!
You hit the hornet zombie.
The hornet zombie is severely damaged.
The hornet zombie barely misses you.
You hit the hornet zombie.
The hornet zombie is severely damaged.
The hornet zombie hits you! x2
* * * LOW HITPOINT WARNING * * *
You closely miss the hornet zombie.
You punch the hornet zombie, but do no damage.
The hornet zombie is severely damaged.
The hornet zombie hits you.
* * * LOW HITPOINT WARNING * * *
You hit the hornet zombie.
The hornet zombie is severely damaged.
The hornet zombie hits you but does no damage.
You sock the hornet zombie!
The hornet zombie is almost destroyed.
The hornet zombie hits you but does no damage.
The hornet zombie misses you.
You hit the hornet zombie.
The hornet zombie is almost destroyed.
The hornet zombie hits you!
* * * LOW HITPOINT WARNING * * *
You completely miss the hornet zombie.
The hornet zombie is almost destroyed.
The hornet zombie hits you!
You die...

# # #. ####.
...#.#########
.#.#.........#
.#.#...#.#.#.#
.....>.....#.#
.#.#.....#.#.#########♣
.#.#...<.#......@Z....♣
.#.##..#####.#######.♣.♣
.............# .♣
##.....####### ..
####.## ._ ### #.# ..
..# #.# ♣ #.###.#
#.....#


You could see a hornet zombie.

Vanquished Creatures
  Eustachio (D:6)
  2 ogres (D:5)
  2 bullfrogs
  A scorpion (D:4)
  A jelly (D:5)
  An orc priest (D:5)
  3 sleepcaps
  2 gnolls (D:2)
  7 adders
  A worm (D:4)
  A dart slug (D:4)
  4 orcs
  6 endoplasms
  8 giant cockroaches
  10 goblins
  5 hobgoblins
  12 jackals
  8 kobolds
  12 quokkas
  17 ball pythons
  5 bats (D:1)
  14 frilled lizards
  5 rats
128 creatures vanquished.

Notes
Turn   | Place    | Note
-------+----------+-------------------------------------------
     0 | D:5      | browni3141 the Ogre Delver began the quest for the Orb.
     0 | D:5      | Reached XP level 1. HP: 24/24 MP: 1/1
    15 | D:5      | Noticed a sleepcap
    31 | D:5      | Reached XP level 2. HP: 21/32 MP: 2/2
   115 | D:4      | Found a glowing drain.
   179 | D:4      | Found a shimmering altar of Xom.
   179 | D:4      | Noticed a scorpion
   239 | D:4      | Found a bloodstained altar of Trog.
   249 | D:4      | Reached XP level 3. HP: 40/40 MP: 3/3
   292 | Sewer    | Entered a sewer
   327 | Sewer    | Reached skill level 3 in Maces & Flails
   540 | Sewer    | Reached XP level 4. HP: 46/49 MP: 4/4
   668 | Sewer    | Reached skill level 5 in Fighting
   708 | Sewer    | Noticed a bullfrog
   713 | Sewer    | Noticed a bullfrog
   728 | Sewer    | Killed a bullfrog
   729 | Sewer    | Reached XP level 5. HP: 13/57 MP: 5/5
   769 | Sewer    | Identified the +0 plate armour of Hiul {rPois Will+}
  1971 | D:2      | Found a faded altar of an unknown god.
  2509 | D:3      | Reached XP level 6. HP: 42/67 MP: 6/6
  3979 | D:4      | Reached skill level 6 in Fighting
  4225 | D:5      | Identified the +3 hand axe of Law {flame, rPois rC+}
  4812 | D:5      | Reached XP level 7. HP: 60/76 MP: 7/7
  4974 | D:5      | Found an ornate altar of the Wu Jian Council.
  5259 | D:6      | Noticed Eustachio
  5287 | D:6      | Killed Eustachio
  5288 | D:6      | Reached skill level 7 in Fighting
  5288 | D:6      | Reached skill level 6 in Maces & Flails
  5426 | D:6      | Noticed a wyvern
  5502 | D:6      | Found an iron altar of Okawaru.
  5639 | D:6      | Reached XP level 8. HP: 41/87 MP: 8/8
  5777 | D:6      | Found a snail-covered altar of Cheibriados.
  5844 | D:6      | Noticed a deep elf pyromancer
  6012 | D:6      | Found a basalt altar of Yredelemnul.
  6030 | D:6      | Slain by a hornet zombie

Illustrated notes

Levels and vault maps discovered:
D:1:      beargit_arrival_greenhouse, layout_rooms
D:2:      layout_rooms, shapermc_ecumenical_altar_pompeii
D:3:      layout_rooms
D:4:      layout_loops_corners, trog_antimagical,
          mainiacjoe_overflow_concentric_impassable, gup_sewer_entry_glass,
          chequers_decorated_corner, kennysheep_generic_room_5
D:5:      layout_gridville, mainiacjoe_overflow_paths,
          nicolae_figureground_sparkle
D:6:      layout_basic, kennysheep_mini, mainiacjoe_overflow_catwalk,
          nicolae_yredelemnul_corpse_copse, guppyfry_early_elven_hall,
          uniq_eustachio

Skill      XL: |  1  2  3  4  5  6  7 |
---------------+----------------------+-----
Maces & Flails | 2 3 4 5 6 |  6.6
Fighting       | 5 6 7 |  7.3
Throwing       | 1 2 |  2.0
Dodging        | |  1.7
Stealth        | |  3.7

Action                     |  1- 3 |  4- 6 |  7- 9 || total
---------------------------+-------+-------+-------++-------
  Melee: Mace              |    85 |   351 |    52 ||   488
         Punch             |       |     1 |     2 ||     3
  Throw: Dart              |       |    17 |     8 ||    25
  Evoke: Wand              |       |     3 |     8 ||    11
    Use: Potion            |       |     2 |       ||     2
         Scroll            |       |     1 |       ||     1
   Stab: Sleeping          |     2 |    10 |       ||    12
         Invisible         |       |     1 |       ||     1
         Paralysed         |       |     4 |       ||     4
 Armour: Robe              |    31 |   154 |     6 ||   191
  Dodge: Dodged            |    37 |   246 |    25 ||   308
